 Dungeon Crawl Stone Soup version 0.30-a0-924-g0ad0bf95bc (webtiles) character file.

Game seed: 459497526260670692

46 pokeman the Magician (level 3, -1/20 HPs)
             Began as a Deep Elf Hedge Wizard on Mar 22, 2023.
             Slain by a gnoll
             ... wielding a +0 whip
              (4 damage)
             ... on level 2 of the Dungeon.
             The game lasted 00:01:55 (1110 turns).

pokeman the Magician (Deep Elf Hedge Wizard)        Turns: 1110, Time: 00:01:56

Health: -1/20      AC:  3    Str:  7    XL:     3   Next: 44%
Magic:  0/11       EV: 12    Int: 20    God:
Gold:   27         SH:  0    Dex: 14    Spells: 4/12 levels left

rFire   . . .      SeeInvis .    a - +0 dagger
rCold   . . .      Faith    .    (no shield)
rNeg    . . .      Spirit   .    b - +0 robe
rPois   .          Reflect  .    h - +0 helmet
rElec   .          Rampage  .    (no cloak)
rCorr   .                        (no gloves)
Will    +....                    (no boots)
Stlth   ++                       (no amulet)
HPRegen 0.23/turn                i - ring of willpower
MPRegen 0.12/turn                (no ring)

@: very slightly contaminated
A: no striking features
a: no special abilities


You were on level 2 of the Dungeon.
You visited 1 branch of the dungeon, and saw 2 of its levels.

You collected 27 gold pieces.

Inventory:

Hand Weapons
 a - a +0 dagger (weapon)
Armour
 b - a +0 robe (worn)
 h - a +0 helmet (worn)
Jewellery
 i - a ring of willpower (left hand)
Scrolls
 g - a scroll of fog {unknown}
Potions
 c - a potion of flight {unknown}
 d - a potion of magic
 e - 2 potions of degeneration {unknown}
 f - a potion of curing {unknown}


   Skills:
 + Level 1.0 Fighting
 + Level 0.9 Armour
 - Level 2.4 Dodging
 - Level 2.4 Stealth
 * Level 5.2 Spellcasting
 + Level 1.9 Conjurations
 - Level 1.1 Summonings
 - Level 1.1 Translocations


You had 4 spell levels left.
You knew the following spells:

 Your Spells              Type           Power      Damage    Failure   Level
a - Magic Dart            Conj           48%        1d5       5%          1
b - Mephitic Cloud        Conj/Pois/Air  7%         N/A       26%         3
c - Call Imp              Summ           9%         N/A       11%         2
d - Blink                 Tloc           18%        N/A       11%         2

Your spell library contained the following spells:

 Spells                   Type           Power      Damage    Failure   Level
 Kiss of Death            Conj/Necr      36%        2d8       8%          1
 Slow                     Hex            20%        N/A       12%         1
 Cigotuvi's Dreadful Rot  Necr/Pois/Air  10%        N/A       17%         2
 Scorch                   Fire           10%        2d6       17%         2
 Confusing Touch          Hex            5%         N/A       34%         3
 Flame Wave               Conj/Fire      9%         2d6       58%         4
 Dispel Undead            Necr           5%         3d7       75%         4
 Summon Cactus Giant      Summ           4%         N/A       100%        6


Dungeon Overview and Level Annotations

Branches:
Dungeon (2/15)

Altars:


Message History

You hit the gnoll.
The gnoll is lightly wounded.
The gnoll is engulfed in noxious fumes.
The gnoll appears confused.
The gnoll hits you with a +0 club.
You hit the gnoll.
The gnoll is moderately wounded.
The gnoll is engulfed in noxious fumes.
The gnoll appears confused.
The gnoll hits you with a +0 club.
You hit the gnoll.
The gnoll is moderately wounded.
A gnoll comes into view. It is wielding a +0 whip.
The gnoll hits the gnoll with a +0 club!
You catch the helpless gnoll completely off-guard!
You puncture the gnoll!
The gnoll is almost dead.
The gnoll closely misses you.
You hit the gnoll but do no damage.
The gnoll is almost dead.
The gnoll closely misses you.
You hit the gnoll.
You kill the gnoll!
Your Fighting skill increases to level 1!
Unknown command.
Casting: Mephitic Cloud (extremely dangerous; 26% risk of failure)
Confirm with . or Enter, or press ? or * to list all spells.
You miscast Call Imp.
Nothing appears to happen.
The gnoll hits you with a +0 whip.
* * * LOW HITPOINT WARNING * * *
Unknown command.
A frilled lizard comes into view.
You barely miss the gnoll.
The gnoll is heavily wounded.
The gnoll hits you with a +0 whip.
* * * LOW HITPOINT WARNING * * *
Unknown command.
Casting: Call Imp (safe; 11% risk of failure)
Confirm with . or Enter, or press ? or * to list all spells.
A shadowy apparition takes form in the air.
The gnoll hits you with a +0 whip.
You die...

#.....# #.....#
#....<#####
#............
###.#+#######
#..........
#..........
#5.........
#@#'#######
#g#.# #
##g#.##### .#
#g.#.#...# ..##
#.##.#...# .....
#.##.#...#.$...#
#.##..)..'......
#.####...#......
#...)g.### g..†.


You could see 3 gnolls and a friendly shadow imp (summoned).

Vanquished Creatures
  A gnoll (D:2)
  4 ball pythons (D:1)
  2 endoplasms (D:1)
  2 giant cockroaches
  3 hobgoblins (D:1)
  4 jackals (D:1)
  3 kobolds (D:1)
  A quokka (D:1)
  3 bats (D:1)
  5 goblins
  5 rats (D:1)
33 creatures vanquished.

Notes
Turn   | Place    | Note
-------+----------+-------------------------------------------
     0 | D:1      | pokeman the Deep Elf Hedge Wizard began the quest for the
                  | Orb.
     0 | D:1      | Reached XP level 1. HP: 10/10 MP: 7/7
   140 | D:1      | Reached XP level 2. HP: 15/15 MP: 4/9
   569 | D:1      | Reached skill level 5 in Spellcasting
   670 | D:1      | Reached XP level 3. HP: 20/20 MP: 1/11
   674 | D:1      | Learned a level 3 spell: Mephitic Cloud
   677 | D:1      | Learned a level 2 spell: Call Imp
   680 | D:1      | Learned a level 2 spell: Blink
  1099 | D:2      | Reached skill level 1 in Fighting
  1110 | D:2      | Slain by a gnoll

Illustrated notes

Levels and vault maps discovered:
D:1:      dpeg_arrival_subterranean_lakeside_camping, layout_rooms
D:2:      layout_basic, uniq_jessica

Skill      XL: |  1  2  3 |
---------------+----------+-----
Spellcasting   | 5 |  5.2
Fighting       | 1 |  1.0
Armour         | |  0.9
Dodging        | |  2.4
Stealth        | |  2.4
Conjurations   | |  1.9
Summonings     | |  1.1
Translocations | |  1.1

Action                     || total
---------------------------++-------
  Melee: Dagger            ||    45
   Cast: Magic Dart        ||    66
         Mephitic Cloud    ||     1
         Call Imp          ||     1
   Stab: Confused          ||     1
 Armour: Robe              ||    11
  Dodge: Dodged            ||    34

Table legend: (Time is in decaauts)
 A = Elapsed time spent in this place.
 B = Non-inter-level travel time spent in this place.
 C = Inter-level travel time spent in this place.
 D = Time resting spent in this place.
 E = Time spent auto-exploring this place.
 F = Levels seen in this place.
 G = Mean time per level.
                   A        B        C        D        E       F      G
               +--------+--------+--------+--------+--------+-----+--------+
         Total |   1113 |   1109 |      4 |     70 |    814 |   2 |  556.5 |
       Dungeon |   1113 |   1109 |      4 |     70 |    814 |   2 |  556.5 |
               +--------+--------+--------+--------+--------+-----+--------+

Top non-repeatable levels by time:
     D:1: 1045 daAuts
     D:2: 68 daAuts
